Cogmind - Beta 13 @@@ ROGUE MODE // 2024.06.20 @ 12:30:48 Player: Xintrosi Result: Destroyed by 0T-33Y(R) with Subdweller Machine Gun Performance ------------- Evolutions (0) 0 Regions Visited (2) 400 Robots Destroyed (33) 165 Value Destroyed (737) 737 Prototype IDs (1) 20 Alien Tech Used (0) 0 Bonus (0) 0 TOTAL SCORE: 1322 Bonus ------- None Cogmind --------- Core Integrity 0/250 Matter 240/300 Energy 180/180 System Corruption 1% Temperature Cool (0) Movement Treading (160) Location -10/Subcaves Parts ------- > --- POWER (1) -------- Meta Core > --- PROPULSION (2+1) - Light Treads Light Treads (+) Spiked Treads > --- UTILITY (2+1) ---- Disposable Heat Sink Large Storage Unit Visual Processing Unit (+) > --- WEAPON (2+1) ----- Improved Light Cannon Improved Light Cannon > --- INVENTORY (15) --- Light Ion Engine Light Ion Engine Subdweller Power Source Light Treads Medium Storage Unit Seismic Detector Mini Grenade Launcher Mini Grenade Launcher Dirty Datajack (20) Maul Maul Peak State ------------ > --- POWER ------------ Meta Core > --- PROPULSION ------- Light Treads Light Treads Spiked Treads > --- UTILITY ---------- Disposable Heat Sink Large Storage Unit Visual Processing Unit > --- WEAPON ----------- Improved Light Cannon Improved Light Cannon > --- INVENTORY -------- Light Ion Engine Light Ion Engine Subdweller Power Source Light Treads Medium Storage Unit Seismic Detector Mini Grenade Launcher Mini Grenade Launcher Dirty Datajack Maul Maul [Rating: 28] Favorites ----------- Power Light Ion Engine Engine Light Ion Engine Power Core Meta Core Propulsion Light Treads Treads Light Treads Utility Large Storage Unit Device Seismic Detector Storage Large Storage Unit Processor Targeting Computer Weapon Improved Light Cannon Ballistic Gun Light Assault Rifle Ballistic Cannon Improved Light Cannon Launcher Mini Grenade Launcher Impact Weapon Maul Build | -11 -10 -10 ------- Run | Yrd Mat Sub Slots Evolved . | . . . Power . | . . . Propulsion . | . . . Utility . | . . . Weapon . | . . . Parts Attached 36 | 7 6 23 Power 4 | 1 1 2 Engine 3 | 1 1 1 Core 1 | . . 1 Reactor . | . . . Propulsion 7 | 2 . 5 Treads 7 | 2 . 5 Leg . | . . . Wheel . | . . . Hover . | . . . Flight . | . . . Utility 7 | 2 2 3 Device 3 | 1 . 2 Storage 2 | 1 1 . Processor 2 | . 1 1 Hackware . | . . . Protection . | . . . Artifact . | . . . Weapon 18 | 2 3 13 Energy Gun . | . . . Energy Cannon . | . . . Ballistic Gun 2 | 2 . . Ballistic Cannon 10 | . 2 8 Launcher 3 | . 1 2 Special Weapon . | . . . Impact Weapon 3 | . . 3 Slashing Weapon . | . . . Piercing Weapon . | . . . Special Melee Weapon . | . . . Unidentified Prototypes 1 | . . 1 Parts Lost 6 | . . 6 Power 1 | . . 1 Propulsion 2 | . . 2 Utility 1 | . . 1 Weapon 2 | . . 2 Highest Loss Streak 5 | . . 5 To Critical Strikes . | . . . Average Slot Usage (%) 98 | . 98 97 Engine 13 | . 14 13 Treads 27 | . 28 27 Device 7 | . 7 7 Storage 13 | . 14 13 Processor 6 | . 6 5 Ballistic Gun 1 | . 2 . Ballistic Cannon 22 | . 20 23 Launcher 3 | . 4 2 Naked Turns . | . . . Heaviest Build 35 | 11 32 35 Greatest Support 60 | 40 40 60 Greatest Overweight (x) . | . . . Average Overweight (x) . | . . . Largest Inventory Capacity 15 | 8 15 15 Average Capacity 14 | 7 14 15 Most Carried 15 | 1 15 15 Average Carried 12 | . 12 13 Final Capacity 15 | 8 15 15 Final Carried 15 | 1 15 11 Class Distribution -------------------- 100% | Mutant Dominant Class ---------------- Mutant | -10/Materials Mutant | -10/Subcaves Resources | -11 -10 -10 ----------- Run | Yrd Mat Sub Matter Collected 1045 | 294 242 509 Remotely . | . . . Salvage Created 603 | 128 229 246 Parts 46 | 5 29 12 Haulers Intercepted 1 | . 1 . Recyclers Shooed . | . . . Parts Field Recycled . | . . . Retrieved Matter . | . . . Parts Self-Destructed 7 | . . 7 Prevented . | . . . Kills | -11 -10 -10 ------- Run | Yrd Mat Sub Combat Hostiles Destroyed 20 | . 7 13 Cannons 16 | . 3 13 AOE 4 | . 4 . Classes Destroyed 9 | 3 5 1 Worker 3 | 2 1 . Builder 4 | . 4 . Tunneler 1 | 1 . . Hauler 1 | . 1 . Recycler 1 | 1 . . Watcher 3 | . 3 . Swarmer 5 | . 5 . Grunt 2 | . 2 . Subdweller 13 | . . 13 Best Kill Streak 7 | 2 7 5 Combat Bots Only 5 | . 5 5 Max Kills in Single Turn 2 | 1 2 1 Gunslinging . | . . . Exploded 2 | . 2 . Melee . | . . . Uniques/NPCs Destroyed . | . . . Combat | -11 -10 -10 -------- Run | Yrd Mat Sub Hostile Shots Fired 93 | . 18 75 Missed 36 | . 10 26 Damage Taken 1405 | . 127 1278 Core 270 | . 20 250 Absorbed by Shields . | . . . Core Remaining (%) 100 | 100 . . Volleys Fired 82 | 12 26 44 Largest 2 | 2 2 2 Hottest 78 | 40 78 78 Shots Fired 150 | 24 41 85 Gun 24 | 24 . . Cannon 123 | . 38 85 Launcher 3 | . 3 . Special . | . . . Kinetic 147 | 24 38 85 Thermal . | . . . Explosive 3 | . 3 . Electromagnetic . | . . . Robot Hit Streak 21 | 8 12 21 Robot Miss Streak 3 | 3 3 1 Penetration Max . | . . . Secondary Targets . | . . . Shots Hit Robots 110 | 14 25 71 Core Hits 45 | 7 17 21 Critical Kills . | . . . Critical Parts Destroyed . | . . . Critical Strikes 4 | . 1 3 Blast 4 | . 1 3 Melee Attacks 9 | . . 9 Impact 9 | . . 9 Slashing . | . . . Piercing . | . . . Sneak Attacks . | . . . Combat Hostiles . | . . . Follow-up Attacks . | . . . Damage Inflicted 2519 | 129 867 1523 Guns 129 | 129 . . Cannons 1972 | . 489 1483 Explosions 378 | . 378 . Melee 40 | . . 40 Ramming . | . . . Kinetic 2101 | 129 489 1483 Thermal . | . . . Explosive 378 | . 378 . Electromagnetic . | . . . Impact 40 | . . 40 Slashing . | . . . Piercing . | . . . Highest Corruption 1 | . 1 1 Average Corruption 1 | . 1 1 Corruption Purged . | . . . Corruption Blocked . | . . . Effects 7 | . 2 5 Matter Fused 1 | . . 1 Heat Flow Errors 1 | . . 1 Data Loss (minor) 2 | . 2 . Alerts 1 | . . 1 Weapon Failures 2 | . . 2 Overload Shots . | . . . Overflow Damage 31 | . 31 . Projectiles 16 | . 16 . Explosions 15 | . 15 . Melee . | . . . Knockbacks 23 | . 4 19 Impact . | . . . Kinetic 23 | . 4 19 Secondary . | . . . Self-Inflicted Damage 38 | . 38 . Shots 2 | . 2 . Rammed . | . . . Targets Rammed . | . . . Kicked . | . . . Crushed . | . . . Highest Temperature 103 | . 99 103 Average Temperature 30 | . 28 63 Received Heat Transfer 213 | . 27 186 Siege Activations . | . . . Robots Corrupted . | . . . Combat Hostiles . | . . . Parts Fried . | . . . Impact Corruptions . | . . . Robots Melted . | . . . Combat Hostiles . | . . . Parts Melted . | . . . Heat Transferred . | . . . Parts Sabotaged . | . . . Parts Stolen . | . . . Parts Stripped . | . . . Power Chain Reactions . | . . . Alert | -11 -10 -10 ------- Run | Yrd Mat Sub Peak Influence 188 | 20 188 . Initial 13 | . 13 . Average 46 | 8 51 . Maximum Alert Level . | . . . Low Security (%) 100 | 100 100 . Level 1 . | . . . Level 2 . | . . . Level 3 . | . . . Level 4 . | . . . Level 5 . | . . . High Security . | . . . Max Security . | . . . Squads Dispatched 1 | . 1 . Investigation 1 | . 1 . Extermination . | . . . Reinforcement . | . . . Assault . | . . . Garrison . | . . . Intercept . | . . . Searches Triggered . | . . . Construction Impeded . | . . . Haulers Reinforced . | . . . Active Scanning Responses . | . . . Cargo Convoy Interrupts . | . . . Stealth | -11 -10 -10 --------- Run | Yrd Mat Sub Distress Signals 1 | . 1 . Communications Jammed . | . . . Distress Signals . | . . . Times Spotted 31 | . 16 15 Peak Tracking Total 5 | . 5 4 Tactical Retreats 1 | . 1 . Traps | -11 -10 -10 ------- Run | Yrd Mat Sub Traps Triggered 2 | . 2 . Indirectly . | . . . Trap Hack Attempts . | . . . Triggered . | . . . Disarmed . | . . . Reprogrammed . | . . . Reused . | . . . Traps Extracted . | . . . Installed . | . . . Triggered . | . . . Machines | -11 -10 -10 ---------- Run | Yrd Mat Sub Machines Disabled . | . . . Max in Single Turn . | . . . Machines Repaired . | . . . Machines Dismantled . | . . . Machines Sabotaged . | . . . Overloaded Fab Kills . | . . . Hacking | -11 -10 -10 --------- Run | Yrd Mat Sub Machines Accessed 5 | . 5 . Terminals 4 | . 4 . Fabricators . | . . . Repair Stations . | . . . Recycling Units 1 | . 1 . Scanalyzers . | . . . Garrison Access . | . . . Total Hacks 11 | . 11 . Successful 5 | . 5 . Failed 6 | . 6 . Catastrophic . | . . . Database Lockouts . | . . . Manual . | . . . Terminals 9 | . 9 . Fabricators . | . . . Repair Stations . | . . . Recycling Units 2 | . 2 . Scanalyzers . | . . . Garrison Access . | . . . Terminal Hacks 4 | . 4 . Level Access Points 1 | . 1 . Hauler Manifests 1 | . 1 . Registered Components 1 | . 1 . Zone Layout 1 | . 1 . Fabricator Hacks . | . . . Repair Station Hacks . | . . . Recycling Unit Hacks 1 | . 1 . Retrieve Components 1 | . 1 . Scanalyzer . | . . . Garrison Access Hacks . | . . . Unauthorized Hacks . | . . . Terminals . | . . . Fabricators . | . . . Repair Stations . | . . . Recycling Units . | . . . Scanalyzers . | . . . Garrison Access . | . . . Data Cores Recovered . | . . . Used . | . . . Hacking Detections 5 | . 5 . Full Trace Events . | . . . Feedback Events . | . . . Feedback Blocked . | . . . Robot Schematics Acquired . | . . . Robots Built . | . . . Authchips . | . . . Time . | . . . Total Robot Build Rating . | . . . Part Schematics Acquired . | . . . Parts Built . | . . . Authchips . | . . . Time . | . . . Total Part Build Rating . | . . . Parts Repaired . | . . . Time . | . . . Parts Recycled . | . . . Recycled Matter . | . . . Retrieved Matter . | . . . Retrieved Components 9 | . 9 . Parts Scanalyzed . | . . . Part Schematics Acquired . | . . . Parts Damaged . | . . . Bothacking | -11 -10 -10 ------------ Run | Yrd Mat Sub Used RIF Installer . | . . . Robots Hacked . | . . . Non-combat . | . . . Combat . | . . . Robot Hacks Applied . | . . . Relay Couplers Released . | . . . Fabnet Peak Effective % . | . . . Robots Rewired . | . . . Allies Hacked . | . . . Hacks Repelled . | . . . Allies | -11 -10 -10 -------- Run | Yrd Mat Sub Total Allies . | . . . Largest Group . | . . . Highest-Rated Group . | . . . Highest-Rated Ally . | . . . Total Orders . | . . . Ally Attacks . | . . . Total Damage . | . . . Kills . | . . . Allies Corrupted . | . . . Allies Melted . | . . . Intel | -11 -10 -10 ------- Run | Yrd Mat Sub Robot Analysis Total . | . . . Derelict Logs Recovered . | . . . Drone Launches . | . . . Drone Recoveries . | . . . Exploration | -11 -10 -10 ------------- Run | Yrd Mat Sub Turns Passed 2874 | 183 1302 1389 Spaces Moved 1532 | 92 721 719 Core 6 | 6 . . Treads 1526 | 86 721 719 Legs . | . . . Wheels . | . . . Hover . | . . . Flight . | . . . Fastest Speed 50 | 50 160 160 Average Speed 159 | 152 160 160 Slowest Speed 160 | 160 160 160 Overloaded Moves . | . . . Propulsion Burnouts . | . . . Robots Hopped . | . . . Cave-ins Triggered . | . . . Exploration Rate (%) 46 | 5 90 43 Regions Visited 2 Branch Regions 1 Pre-discovered Areas 1 | . . 1 Known Exits Taken . | . . . Unknown Exits Taken 2 | 1 1 . Scrap Searched . | . . . Spaces Dug . | . . . Terrain Destroyed 37 | . 35 2 Melee . | . . . Projectile 4 | . 2 2 AOE 33 | . 33 . Terrain Rammed . | . . . Walls Destroyed . | . . . Machines Disabled . | . . . Actions | -11 -10 -10 --------- Run | Yrd Mat Sub Total 1791 | 112 831 848 Wait 103 | 1 54 48 Move 1530 | 91 720 719 Hop . | . . . Pick Up 22 | 1 18 3 Fast Attach 8 | 7 . 1 Attach 8 | . 1 7 Detach 1 | . 1 . Swap 20 | . 5 15 Drop 8 | . 6 2 Fire 82 | 12 26 44 Melee 9 | . . 9 Ram . | . . . Kick . | . . . Crush . | . . . Escape Stasis . | . . . Rewire . | . . . Trap . | . . . Miscellaneous . | . . . Route ------- -11/Scrapyard -10/Materials (discovered 4 exits: *Mat x3 / [*Sub]) -10/Subcaves (discovered 2 exits: [*Mat x2]) History --------- Turn | Location | Event 2 | -11/Scrapyard | Discovered new exit (range 16) 184 | -11/Scrapyard | Entered Materials 308 | -10/Materials | Build established: Mutant 383 | -10/Materials | Discovered new exit (range 15) 631 | -10/Materials | Identified exit to Materials 1472 | -10/Materials | Discovered new exit (range 10) 1486 | -10/Materials | Entered Subcaves 1487 | -10/Subcaves | Shifting Twisted Machinery released Mak. Spear 1488 | -10/Subcaves | Shifting Twisted Machinery released Spk. Treads 1539 | -10/Subcaves | Learned location of Zion (-6) 1539 | -10/Subcaves | Met a Zionite searching for "candidates" 1541 | -10/Subcaves | Discovered new exit (range 6) 2268 | -10/Subcaves | Discovered new exit (range 13) 2514 | -10/Subcaves | Ambushed by Subdweller buried in earth 2536 | -10/Subcaves | Ambushed by Subdweller buried in earth 2536 | -10/Subcaves | Ambushed by Subdweller buried in earth 2536 | -10/Subcaves | Ambushed by Subdweller buried in earth 2545 | -10/Subcaves | Core integrity fell below 50% 2553 | -10/Subcaves | Core integrity fell below 20% 2579 | -10/Subcaves | Lost 5 parts (1p2n1u1w) 2706 | -10/Subcaves | A Subdweller sparked back to life 2821 | -10/Subcaves | Found Prototype Power Core 2822 | -10/Subcaves | Identified Meta Core 2824 | -10/Subcaves | Attached Meta Core, gained temporary slots: Propulsion, Utility, Weapon 2875 | -10/Subcaves | Destroyed by 0T-33Y(R) with Subdweller Machine Gun Last Messages --------------- 02777_ IJ-FL6(R) knocked back. 02780_ IJ-FL6(R) destroyed. 02783_ QN-5V4(R) knocked back. 02792_ System corrupted: Imp. Light Cannon jammed. 02792_ QN-5V4(R) destroyed. 02793_ Battle Cannon destroyed. 02798_ 4K-ANI(R) Disposable Heat Sink blasted off. 02804_ 4K-ANI(R) destroyed. 02807_ Acquired 33 matter. 02809_ Acquired 9 matter. 02810_ Acquired 5 matter. 02817_ Acquired Dirty Datajack. 02821_ Acquired Prototype Power Core. 02822_ Identified Meta Core. 02824_ Core temporarily expanded with Propulsion slot. 02824_ Core temporarily expanded with Utility slot. 02824_ Core temporarily expanded with Weapon slot. 02825_ Acquired 13 matter. 02826_ Acquired 1 matter. 02874_ 0T-33Y(R) knocked back. Map ----- +----------------------------------------------------+ | ?????????????????????????????????????????????????? | | ?????????????????????????????????????????????????? | | ?????????????????????????????????????????????????? | | ?????????????????????????????????????????????????? | | ?????????????????????????????????????????????????? | | ?????????????????????????????????????????????????? | | ?????????????????????????????????????????????????? | | ?????????????????????????????????????????????????? | | ?????????????????????????????????????????????????? | | ?????????????????????????????????????????????????? | | ?????????????????????????????????????????????????? | | ?????????????????????????????????????????????????? | | ?????????????????????????????????????????????????? | | ?????????????????????????????????????????????????? | | ?????????????????????????????????????????????????? | | ?????????????????????????????????????????????????? | | ?????????????????????????????????????????????????? | | ?????????????????????????????????????????????????? | | ?????????????????????????????????????????????????? | | ???????????#####?????????????????????????????????? | | ?????????"## ##????????????????????????????????? | | ????????%""" ####?????????????????????????????? | | ????????""" ####??????????????????????????? | | ????##???#" #####??????????????????????? | | ???## #???#"" # ! &=#???#####??????????????? | | ???# #### "" ## &![%@#?##" " #??????????????? | | ????# ## """ #|! ### " &#??????????????? | | ????# ### RR## "#??????????????? | | ????# ## ##?##% & $ #??????????????? | | ????## #### ##???### " #??????????????? | | ?????####??# ##??????## # " ??????? | | ???????????# #????????# #?? # # ????? | | ???????????# ##???????## #?????????????????? | | ??###?###??## ##???????## ????????????????? | | ??# ### #???## #????????# ## ???????????????? | | ??# ## ##???# ###???????? #??#??????????????? | | ### =%= ##### #?????????? #?????????????????? | | # * ## * #??????????# ##?????????????????? | | # ###% ##??????????# #??????????????????? | | ## & ##??????????? #??????????????????? | | #??????????? ??????????????????? | | ##??????????? ??????????????????? | | ##"# #" #??????????? #??????????????????? | | #######" !"" #???????????#???????????????????? | | ###"" "" ##???????????????????????????????? | | & ##" ## ##???????????????????????????????? | | #???????????????????????????????? | | "### # #???????????????????????????????? | | ### ## ######???????????????????????????????? | | ### ########??????????????????????????????????? | +----------------------------------------------------+ Best States ------------- Heat Dissipation 25 Coolant Potential 50 Energy Generation 17 Energy Capacity 180 Matter Stores 300 Matter Capacity 300 Sight Range 18 Terrain Scan Density 10 Evasion (%) 40 Targeting Accuracy 5 Recoil Reduction 3 Item Schematics ----------------- None Robot Schematics ------------------ None Fabricated ------------ Nothing Alien Tech Used ----------------- None Achievements -------------- None Challenges ------------ None Game ------ Seed StormTeslaRegenerator Manual? 0 Play Time 00:31:58 Cumulative 33.5 hours Start 2024.06.20 @ 11:56:43 End 2024.06.20 @ 12:30:48 Sessions 1 Manual Loads 0 Difficulty Rogue Special Mode None Game No. 15 Rogue 15 Adventurer 0 Explorer 0 Win Type - Total 0 Types 0/0/0/0/0/0/0/0/0 Lore% 23 Gallery% 28 Achievement% 24 Wizard Run 0 Options --------- Layout 0 ASCII 0 Keyboard 1 Movement Numpad Keybinds 0 Fullscreen 2 Font 18/SmallcapsGlow Map View 76x50 Zoom Use 0% Tactical HUD 1 Map Filters NONE Filters NONE Steam 1 RUN: 7ed59705-b1cc-4c29-b2b7-7b9bcef92f53